 Dungeon Crawl Stone Soup version 0.28.0 (webtiles) character file.

Game seed: 13384435002244290969

2079 Akaron the Magician (level 9, -3/53 HPs)
             Began as an Octopode Earth Elementalist on Feb 6, 2022.
             Engulfed by a steam dragon's steam (7 damage)
             ... on level 6 of the Dungeon.
             The game lasted 00:20:42 (7528 turns).

Akaron the Magician (Octopode Earth Elementalist)   Turns: 7528, Time: 00:20:43

Health: -3/53      AC:  1    Str:  7    XL:     9   Next: 26%
Magic:  16/28      EV: 13    Int: 22    God:
Gold:   289        SH:  3    Dex: 12    Spells: 12/22 levels left

rFire   . . .      SeeInvis .   j - +2 dagger (speed)
rCold   . . .      Faith    .   y - +0 buckler
rNeg    . . .      Spirit   .   (helmet restricted)
rPois   .          Reflect  .   n - amulet of regeneration
rElec   .          Harm     .   i - ring of magical power
rCorr   .          Rampage  .   r - ring of willpower
Will    +....                   (no ring)
Stlth   +++.......              (no ring)
HPRegen 0.97/turn               (no ring)
MPRegen 0.21/turn               (no ring)
                                (no ring)
                                (no ring)

@: no status effects
A: almost no armour, amphibious, 8 rings, camouflage 1, gelatinous body 1,
(nimble swimmer 1), tentacles
a: no special abilities


You were on level 6 of the Dungeon.
You visited 2 branches of the dungeon, and saw 7 of its levels.

You collected 289 gold pieces.

Inventory:

Hand Weapons
 j - a +2 dagger of speed (weapon)
Missiles
 d - a throwing net
 x - 41 stones
Armour
 y - a +0 buckler (worn)
Jewellery
 e - an amulet of faith
 i - a ring of magical power (left tentacle)
 n - an amulet of regeneration (around mantle)
 r - a ring of willpower (right tentacle)
Wands
 p - a wand of mindburst (30)
 B - a wand of flame (25)
 C - a wand of acid (1)
Scrolls
 b - a scroll of noise {unknown}
 f - a scroll of amnesia
 h - a scroll of fog {unknown}
 l - 4 scrolls of identify {unknown}
 q - 3 scrolls of fear {unknown}
 v - a scroll of enchant weapon {unknown}
 w - a scroll of vulnerability {unknown}
 D - a scroll of enchant armour {unknown}
Potions
 a - a potion of might {unknown}
 c - 2 potions of heal wounds {unknown}
 g - 2 potions of invisibility {unknown}
 k - a potion of brilliance {unknown}
 m - a potion of ambrosia {unknown}
 o - 2 potions of attraction {unknown}
 s - 3 potions of curing {unknown}
 t - a potion of haste {unknown}
 u - a potion of degeneration {unknown}
 z - a potion of flight {unknown}
 A - a potion of mutation {unknown}


   Skills:
 + Level 1.0 Fighting
 + Level 0.5 Short Blades
 + Level 3.3 Dodging
 - Level 2.6 Stealth
 + Level 7.1 Spellcasting
 + Level 6.1 Conjurations
 + Level 1.0 Transmutations
 * Level 1.1 Fire Magic
 + Level 6.5 Earth Magic


You had 12 spell levels left.
You knew the following spells:

 Your Spells              Type           Power      Damage    Failure   Level
a - Sandblast             Erth           72%        2d16      1%          1
b - Passwall              Tmut/Erth      20%        N/A       3%          2
c - Stone Arrow           Conj/Erth      70%        3d11      2%          3
d - Foxfire               Conj/Fire      92%        2x1d8     2%          1
e - Conjure Flame         Conj/Fire      23%        6-21      8%          3

Your spell library contained the following spells:

 Spells                   Type           Power      Damage    Failure   Level
 Wereblood                Tmut           12%        N/A       11%         2
 Sublimation of Blood     Necr           7%         N/A       17%         2
 Flame Wave               Conj/Fire      23%        2d7       24%         4
 Petrify                  Tmut/Erth      24%        N/A       24%         4
 Inner Flame              Hex/Fire       10%        N/A       26%         3
 Irradiate                Conj/Tmut      11%        3d17      56%         5
 Borgnjor's Vile Clutch   Necr/Erth      11%        N/A       63%         5
 Alistair's Intoxication  Tmut/Pois      6%         N/A       94%         5
 Eringya's Noxious Bog    Tmut/Pois      5%         N/A       100%        6
 Summon Hydra             Summ           3%         N/A       100%        7


Dungeon Overview and Level Annotations

Branches:
Dungeon (6/15)             Temple (1/1) D:6

Altars:
Ashenzari
Dithmenos
Elyvilon
Fedhas
Gozag
Hepliaklqana
Makhleb
Nemelex Xobeh
Qazlal
Ru
Trog
Uskayaw
Xom
Yredelemnul
Zin
The Shining One

Shops:
D:4 *   D:6 ![([


Innate Abilities, Weirdness & Mutations

You cannot wear most types of armour.
You are amphibious.
You can wear up to eight rings at the same time.
Your skin changes colour to match your surroundings (Stealth+).
Your rubbery body absorbs attacks. (AC +1, EV +1)
((You are camouflaged when in or above water. (Stealth+)))
You have tentacles for arms and can constrict up to eight enemies at once.


Message History

The stone arrow misses the troll.
The stone arrow hits the troll.
The troll is lightly wounded.
You don't have enough magic to cast this spell.
Casting: Stone Arrow (dangerous; 2% risk of failure)
Confirm with . or Enter, or press ? or * to list all spells.
Aiming: Passwall (safe; 3% risk of failure)
Press: ? - help, Dir - move target, p - troll A rock wall.
You begin to meditate on the wall.
You continue meditating on the rock. x2
You finish merging with the rock.
x - 41 stones (gained 13)
You open the door.
Found a sparkling altar of Nemelex Xobeh.
There is an open door here.
You open the door.
There is an open door here.
Found a glass wand.
The steam dragon hisses angrily.
The steam dragon breathes steam at you. The ball of steam hits you!
The stone arrow hits the steam dragon!!
The steam dragon is severely wounded.
You are engulfed in a cloud of scalding steam.
The stone arrow misses the steam dragon.
You are engulfed in a cloud of scalding steam.
The stone arrow misses the steam dragon.
You are engulfed in a cloud of scalding steam.
The steam dragon breathes steam at you. The ball of steam hits you!!
* * * LOW HITPOINT WARNING * * *
You are too injured to fight recklessly!
Casting: Stone Arrow (dangerous; 2% risk of failure)
Confirm with . or Enter, or press ? or * to list all spells.
Aiming: Stone Arrow (dangerous; 2% risk of failure)
Press: ? - help, Shift-Dir - straight line, f/p - steam dragon
Aim: a steam dragon (severely wounded, catching its breath, 74% to hit)
The stone arrow misses the steam dragon.
You are engulfed in a cloud of scalding steam.
You die...

#........... .........
#........... ......./.
#........... 8≈≈≈≈≈88.
###+##.####.
≈≈≈≈≈...#+#####.##.####.
≈≈≈≈≈...#...............
........≈≈≈≈....#...............
.......≈≈≈≈≈....#.§§............
......?≈≈≈≈≈..D@.§§.............
.......≈≈≈≈....#.§§§.##.........
.......≈≈≈≈....#.§.§#...........
....≈≈≈≈≈.....#..#............
#.≈≈≈≈≈......###.......####'
#≈≈≈≈.###....###......#....
#≈≈≈≈.'......#..#.....#....
#≈≈≈≈.#.....#....#....#....
#≈≈≈≈.#...##.....#)...#....


You could see a steam dragon (catching breath).

Vanquished Creatures
  Pikel (D:6)
  A black bear (D:5)
  3 ogres
  A necrophage (D:4)
  A sky beast (D:5)
  An ice beast (D:5)
  4 lemures (D:6)
  A phantom (D:5)
  2 bullfrogs (D:6)
  A scorpion (D:6)
  A howler monkey (D:6)
  A bullfrog zombie (D:6)
  A centaur zombie (D:6)
  A jelly (D:6)
  A gnoll shaman (D:4)
  4 hounds
  3 orc priests
  A bullfrog skeleton (D:5)
  A centaur skeleton (D:4)
  A scorpion zombie (D:5)
  3 iguanas
  An orc wizard (D:5)
  A hound skeleton (D:4)
  6 adders
  A white imp (D:5)
  An adder skeleton (D:4)
  3 worms
  A dart slug (D:2)
  12 orcs
  10 bats
  11 endoplasms
  2 giant cockroaches
  7 goblins
  5 hobgoblins
  7 jackals (D:1)
  5 quokkas
  11 ball pythons
  5 frilled lizards
  11 kobolds
  5 rats
139 creatures vanquished.

Vanquished Creatures (others)
  110 foxfires
110 creatures vanquished.

Grand Total: 249 creatures vanquished

Notes
Turn   | Place    | Note
-------+----------+-------------------------------------------
     0 | D:1      | Akaron the Octopode Earth Elementalist began the quest for
                  | the Orb.
     0 | D:1      | Reached XP level 1. HP: 11/11 MP: 3/3
   131 | D:1      | Reached XP level 2. HP: 17/17 MP: 1/5
   134 | D:1      | Learned a level 2 spell: Passwall
   726 | D:1      | Reached XP level 3. HP: 21/21 MP: 5/7
   788 | D:1      | Reached skill level 1 in Conjurations
  1531 | D:2      | Reached skill level 3 in Spellcasting
  1709 | D:2      | Reached XP level 4. HP: 25/27 MP: 6/8
  1996 | D:2      | Learned a level 3 spell: Stone Arrow
  2482 | D:2      | Learned a level 1 spell: Foxfire
  2862 | D:3      | Found a faded altar of an unknown god.
  3633 | D:4      | Reached XP level 5. HP: 31/31 MP: 10/10
  3730 | D:4      | Found Daoducs's Mayhem Merchandise.
  4144 | D:4      | Noticed an ogre
  4151 | D:5      | Entered Level 5 of the Dungeon
  4156 | D:5      | Reached skill level 4 in Spellcasting
  4156 | D:5      | Reached XP level 6. HP: 31/36 MP: 12/12
  4394 | D:4      | Noticed a necrophage
  4860 | D:4      | Killed a necrophage
  4861 | D:4      | Reached skill level 1 in Fire Magic
  4861 | D:4      | Reached XP level 7. HP: 31/42 MP: 4/13
  5202 | D:5      | Reached skill level 5 in Spellcasting
  5503 | D:5      | Identified the +0 leather armour of Intuition {rF- Will-
                  | Str+3 Slay+6 SInv}
  5583 | D:5      | Reached skill level 5 in Earth Magic
  5696 | D:5      | Reached XP level 8. HP: 47/47 MP: 15/16
  5844 | D:5      | Found a burning altar of Makhleb.
  6133 | D:5      | Reached skill level 5 in Conjurations
  6290 | D:6      | Found Atiab's Distillery.
  6290 | D:6      | Found Plog's Armour Emporium.
  6290 | D:6      | Found Zuaqoc's Antique Armour Emporium.
  6291 | D:6      | Found Mocronk's Weapon Emporium.
  6301 | D:6      | Reached skill level 6 in Spellcasting
  6303 | D:6      | Identified the +1 robe "Duthreeg" {Contam rF++ Dex+8}
  6791 | D:6      | Found a staircase to the Ecumenical Temple.
  6809 | Temple   | Entered the Ecumenical Temple
  6988 | Temple   | Learned a level 3 spell: Conjure Flame
  7207 | D:6      | Noticed Pikel
  7234 | D:6      | Noticed a troll
  7259 | D:6      | Killed Pikel
  7260 | D:6      | Reached skill level 1 in Fighting
  7260 | D:6      | Reached skill level 7 in Spellcasting
  7260 | D:6      | Reached XP level 9. HP: 36/53 MP: 5/19
  7405 | D:6      | Found a sparkling altar of Nemelex Xobeh.
  7528 | D:6      | Engulfed by a steam dragon's steam

Illustrated notes

Levels and vault maps discovered:
D:1:      psy_arrival_conway, layout_loops_cross, minmay_fountain_box
D:2:      layout_basic, minmay_increasing_density
D:3:      layout_basic, hellmonk_ecumenical_altar_crossroads
D:4:      minmay_opposing_rooms, layout_cave_pools, grunt_decor_fettered,
          minmay_shop_mayhem, kennysheep_diamond, kennysheep_decorative_pillar
D:5:      layout_rooms, lightli_temple_of_fire
D:6:      wander_river, layout_gridville, palyth_temple_overflow_mages,
          nemelex_diamond_rough_becter, minmay_temple_entry_statues_pillars,
          minmay_shop_grid_forest, minmay_misc_feat_chi, uniq_edmund, uniq_pikel
Temple:   eino_narrow_crystal_temple

Skill      XL: |  1  2  3  4  5  6  7  8 |
---------------+-------------------------+-----
Conjurations   | 1 2 3 4 6 |  6.1
Spellcasting   | 3 4 5 7 |  7.1
Earth Magic    | 4 5 6 |  6.5
Fire Magic     | 1 |  1.1
Dodging        | 3 |  3.3
Fighting       | 1 |  1.0
Short Blades   | |  0.5
Stealth        | |  2.6
Transmutations | |  1.0

Action                   |  1- 3 |  4- 6 |  7- 9 || total
-------------------------+-------+-------+-------++-------
Melee: Unarmed           |     4 |       |       ||     4
       Tentacles         |     3 |       |     1 ||     4
       Constrict         |     1 |       |     1 ||     2
       Dagger            |       |     1 |     4 ||     5
 Cast: Sandblast         |    63 |    72 |       ||   135
       Foxfire           |       |    63 |       ||    63
       Stone Arrow       |       |     8 |    99 ||   107
       Passwall          |       |     2 |     2 ||     4
  Use: Scroll            |       |       |     1 ||     1
Armor: Skin              |       |     3 |     4 ||     7
Dodge: Dodged            |    26 |    42 |    41 ||   109
Block: Buckler           |       |       |     1 ||     1
